Map: Deathaura LE

Players

DnS - Winner!

  • Race: Protoss Protoss
  • Spawn Location: 5:00

Van (Vanya)

  • Race: Zerg Zerg
  • League: Master
  • Spawn Location: 11:00

Event: DreamHack SC2 Masters 2020 Fall

VOD

Have the link to the VOD?

Description

Time

  • Played on: Sept. 6, 2020, 12:23 p.m.
  • Length: 22:00

All games in this series

Show
View Real Time Build Order
Export as new Build Order

DnS Protoss - Winner!

Build Orders: 1 Gate Expand, Oracle Opening, Phoenix Opening, Carriers, Mass Phoenix 

Get SALT Encoding   

  12  0:00  Probe  
  13  0:12  Probe  
  14  0:18  Pylon  
  14  0:24  Probe  
  15  0:36  Probe (Chrono Boost)  
  15  0:41  Gateway  
  16  0:46  Probe (Chrono Boost)  
  16  0:48  Assimilator  
  17  0:51  Probe (Chrono Boost)  
  18  1:03  Probe  
  19  1:15  Probe  
  20  1:25  Nexus  
  20  1:37  Cybernetics Core  
  20  1:40  Probe  
  21  1:47  Assimilator  
  21  1:52  Probe  
  22  1:54  Pylon  
  22  2:04  Probe  
  23  2:10  Adept (Chrono Boost)  
  23  2:14  Warp Gate  
  25  2:16  Probe (Chrono Boost)  
  26  2:28  Stargate, Probe (Chrono Boost)  
  27  2:34  Adept  
  30  2:38  Probe (Chrono Boost)  
  30  2:39  Probe (Chrono Boost)  
  32  2:47  Probe (Chrono Boost)  
  32  2:48  Probe (Chrono Boost)  
  33  2:54  Probe  
  33  2:55  Probe  
  35  3:00  Gateway  
  35  3:06  Probe  
  35  3:07  Probe  
  35  3:10  Phoenix (Chrono Boost)  
  39  3:14  Pylon  
  39  3:18  Probe  
  40  3:20  Probe  
  40  3:25  Assimilator  
  41  3:27  Assimilator  
  41  3:28  Oracle  
  41  3:33  Adept  
  46  3:35  Probe  
  46  3:37  Probe  
  48  3:43  Pylon  
  48  3:47  Probe  
  49  3:49  Probe  
  49  3:54  Stargate  
  50  3:59  Pylon  
  48  4:02  Pylon  
  48  4:06  Phoenix (Chrono Boost), Probe  
  51  4:11  Probe  
  51  4:12  Pylon  
  51  4:16  Adept  
  54  4:18  Probe  
  54  4:23  Probe  
  56  4:30  Pylon, Probe  
  59  4:31  Phoenix (Chrono Boost)  
  59  4:35  Probe  
  62  4:40  Phoenix (Chrono Boost)  
  62  4:43  Adept  
  62  4:44  Adept  
  66  4:55  Phoenix x2  
  70  5:09  Nexus  
  70  5:13  Pylon  
  70  5:16  Probe x2  
  70  5:20  Phoenix (Chrono Boost)  
  74  5:24  Phoenix (Chrono Boost)  
  76  5:32  Probe x2  
  78  5:37  Sentry x2  
  78  5:39  Robotics Facility  
  82  5:44  Probe x2  
  84  5:53  Twilight Council  
  84  5:54  Forge  
  84  5:56  Probe, Pylon  
  85  5:59  Probe  
  86  6:08  Probe  
  86  6:10  Zealot x2  
  86  6:11  Probe  
  92  6:16  Shield Battery  
  92  6:17  Shield Battery  
  92  6:20  Probe  
  92  6:21  Protoss Ground Weapons Level 1  
  92  6:24  Probe  
  94  6:27  Observer, Probe  
  94  6:32  Charge (Chrono Boost)  
  96  6:36  Probe  
  98  6:40  Probe x2  
  99  6:50  Gateway  
  99  6:51  Warp Prism, Gateway  
  101  6:55  Gateway  
  101  6:57  Gateway  
  101  7:04  Void Ray x2, Probe  
  101  7:05  Probe  
  101  7:07  Templar Archives  
  103  7:10  Assimilator  
  103  7:11  Assimilator  
  103  7:13  Probe  
  111  7:17  Probe  
  111  7:24  Gateway, Probe  
  111  7:25  Gateway  
  111  7:27  Photon Cannon  
  112  7:33  Pylon  
  112  7:34  Probe  
  113  7:40  Probe  
  113  7:41  Zealot  
  116  7:45  Pylon  
  116  7:47  Pylon  
  116  7:50  Pylon  
  116  7:52  Pylon x2  
  116  7:54  Pylon  
  116  7:55  Gateway x2  
  116  7:57  Pylon  
  116  8:02  Probe  
  116  8:04  High Templar x4  
  125  8:05  Warp Prism (Chrono Boost)  
  125  8:08  Archon x2  
  125  8:10  Zealot x2  
  131  8:23  High Templar x2  
  131  8:26  Gateway x2  
  135  8:27  Protoss Ground Weapons Level 2 (Chrono Boost)  
  135  8:29  Archon  
  135  8:38  Zealot  
  137  8:43  Zealot x5  
  147  8:56  Zealot x2  
  148  9:05  Zealot x6  
  136  9:22  Zealot x4  
  136  9:24  Immortal  
  146  9:26  Blink  
  136  9:33  Zealot x6  
  144  9:45  Zealot x4  
  148  10:02  Zealot x6  
  156  10:07  Stalker x3  
  152  10:27  High Templar x4  
  156  10:31  Archon x2  
  156  10:34  High Templar  
  156  10:35  High Templar x4  
  166  10:36  High Templar  
  166  10:40  Pylon, Archon x2  
  166  10:41  Archon  
  168  10:44  Pylon  
  168  10:45  Nexus, Pylon  
  168  10:46  Protoss Ground Weapons Level 3 (Chrono Boost)  
  168  10:49  Pylon  
  168  10:58  Probe x3  
  171  11:09  Zealot x4, Pylon  
  171  11:10  Pylon  
  179  11:12  Pylon  
  179  11:22  Fleet Beacon  
  179  11:31  Probe x2  
  179  11:32  Protoss Air Weapons Level 1 (Chrono Boost), Gateway, Probe  
  182  11:34  Psionic Storm  
  182  11:43  Probe  
  182  11:44  Assimilator, Probe x2  
  182  11:46  High Templar x3  
  182  11:47  Assimilator, High Templar  
  191  11:49  Photon Cannon  
  191  11:52  High Templar  
  193  12:05  Void Ray  
  197  12:16  Stargate  
  170  12:27  Probe x3  
  149  12:30  Probe  
  149  12:35  Stalker  
  144  12:39  Probe x2  
  144  12:44  Pylon  
  145  12:46  Probe x2, Pylon  
  145  12:48  Assimilator  
  145  12:51  Probe x2  
  147  13:03  Probe x3  
  147  13:04  Probe  
  149  13:14  Carrier x2 (Chrono Boost)  
  149  13:15  Probe  
  168  13:23  High Templar  
  168  13:24  High Templar  
  168  13:25  Carrier (Chrono Boost)  
  168  13:26  Probe  
  168  13:27  Shield Battery, Probe  
  174  13:28  Photon Cannon  
  174  13:29  Archon  
  174  13:32  Protoss Air Weapons Level 2 (Chrono Boost)  
  174  13:33  Zealot x3  
  178  13:38  Probe  
  178  13:39  Probe  
  138  13:51  Probe (Chrono Boost)  
  138  13:52  Probe x2 (Chrono Boost)  
  138  13:53  Probe (Chrono Boost)  
  138  14:02  Probe x2 (Chrono Boost)  
  141  14:03  Probe (Chrono Boost)  
  141  14:05  Probe (Chrono Boost)  
  141  14:08  Probe x3 (Chrono Boost)  
  145  14:17  Probe (Chrono Boost)  
  148  14:18  Assimilator, Probe x2 (Chrono Boost)  
  148  14:19  Probe (Chrono Boost)  
  150  14:26  Probe (Chrono Boost)  
  150  14:27  Probe x2 (Chrono Boost)  
  152  14:33  Zealot x2  
  156  14:41  Probe x2  
  156  14:42  Probe x2  
  160  14:51  Phoenix x2 (Chrono Boost)  
  154  15:03  Phoenix (Chrono Boost)  
  154  15:05  Anion Pulse-Crystals  
  147  15:09  Probe  
  147  15:11  Pylon  
  148  15:26  Phoenix  
  152  15:32  High Templar x4  
  152  15:35  High Templar x4  
  166  15:36  Archon x2  
  166  15:39  Archon x2  
  166  15:43  Photon Cannon  
  156  16:07  Stalker x5  
  150  16:23  High Templar x3  
  134  16:31  High Templar, Archon  
  126  16:37  Archon  
  124  16:51  High Templar x3  
  124  16:52  High Templar  
  124  16:53  Probe  
  124  16:54  Probe x2  
  131  17:13  Zealot, High Templar x2  
  131  17:14  Zealot x2  
  141  17:18  Archon  
  139  17:22  Pylon  
  139  17:25  Photon Cannon  
  139  17:29  Nexus  
  139  17:31  High Templar x2  
  139  17:35  Archon  
  142  17:51  Warp Prism (Chrono Boost)  
  142  17:52  Zealot x7  
  144  18:18  Nexus  
  130  18:44  Pylon, Carrier x2 (Chrono Boost), Probe x3  
  130  18:45  Carrier (Chrono Boost)  
  151  18:55  High Templar x2  
  151  18:56  High Templar x2, Probe  
  151  19:01  Archon x2  
  154  19:13  Sentry  
  141  19:19  Probe x2  
  143  19:31  Probe x2  
  145  19:38  Photon Cannon  
  145  19:40  Photon Cannon  
  145  19:46  High Templar  
  145  19:47  High Templar  
  145  19:52  Zealot x2, Archon  
  151  19:53  Zealot  
  151  19:57  Assimilator  
  149  20:22  Zealot x6  
  149  20:23  Zealot x2  
  163  20:40  Zealot  
  159  20:44  Zealot  
  159  20:45  Zealot x5  
  163  20:53  Zealot  
  157  21:04  Stalker x2  
  151  21:34  Zealot x6  
  151  21:35  Zealot  
Show
View Real Time Build Order
Export as new Build Order

Van Zerg 

Build Orders: Hatch First 

Get SALT Encoding   

  12  0:00  Drone  
  13  0:11  Overlord  
  13  0:16  Drone  
  14  0:30  Drone x2  
  16  0:41  Drone  
  17  0:51  Hatchery  
  17  0:55  Drone  
  17  0:57  Drone  
  18  1:09  Extractor  
  17  1:12  Spawning Pool  
  17  1:15  Drone  
  17  1:18  Drone  
  18  1:27  Drone  
  19  1:38  Drone  
  20  1:48  Overlord  
  20  1:59  Queen  
  22  2:02  Queen  
  22  2:03  Zergling x4  
  26  2:10  Drone  
  26  2:12  Metabolic Boost  
  26  2:14  Drone  
  28  2:23  Drone  
  29  2:33  Hatchery  
  28  2:37  Drone  
  28  2:39  Drone  
  30  2:46  Queen  
  32  2:51  Overlord  
  32  2:54  Zergling x2  
  32  2:56  Zergling x2  
  34  2:59  Drone  
  34  3:03  Zergling x2  
  36  3:10  Drone x2  
  36  3:11  Drone x2  
  40  3:15  Overlord  
  40  3:20  Drone  
  40  3:25  Drone  
  42  3:29  Drone x2  
  44  3:35  Spore Crawler  
  44  3:36  Queen  
  44  3:40  Drone  
  46  3:43  Overlord  
  46  3:44  Drone x2  
  46  3:48  Drone  
  49  3:49  Spore Crawler  
  49  3:54  Queen  
  49  4:02  Drone x5  
  52  4:08  Drone x3  
  55  4:12  Drone, Spore Crawler  
  55  4:18  Overlord  
  54  4:26  Zergling x2  
  54  4:27  Zergling x4  
  54  4:28  Overlord  
  54  4:29  Lair  
  57  4:37  Zergling x10  
  62  4:42  Overlord  
  62  4:46  Roach Warren  
  62  4:48  Drone x5  
  62  4:50  Extractor  
  62  4:51  Extractor  
  62  4:52  Drone x2  
  65  5:00  Drone  
  65  5:05  Drone x8  
  73  5:10  Extractor  
  73  5:11  Extractor  
  73  5:13  Drone  
  71  5:18  Drone x2  
  71  5:21  Overlord x2  
  73  5:24  Overlord  
  73  5:31  Evolution Chamber, Extractor, Overseer  
  71  5:37  Overlord  
  71  5:40  Drone x9  
  80  5:51  Infestation Pit  
  80  5:52  Hatchery  
  80  5:54  Overlord  
  77  5:57  Queen x2  
  77  6:00  Zerg Melee Weapons Level 1  
  77  6:02  Spire  
  79  6:04  Drone x3  
  79  6:06  Zergling x4  
  79  6:07  Zergling x2  
  79  6:11  Drone  
  84  6:13  Spore Crawler  
  81  6:21  Drone x2  
  81  6:22  Drone x8  
  87  6:26  Spore Crawler  
  87  6:27  Spore Crawler  
  87  6:31  Overlord  
  87  6:32  Drone  
  86  6:33  Spore Crawler  
  86  6:34  Drone  
  86  6:35  Drone  
  86  6:38  Overlord  
  83  6:45  Drone x2  
  83  6:46  Drone x5  
  85  6:55  Overlord  
  83  7:04  Overlord  
  80  7:09  Queen x2  
  80  7:10  Queen  
  80  7:15  Corruptor x4  
  87  7:18  Drone  
  87  7:19  Drone  
  87  7:21  Corruptor x2  
  98  7:26  Glial Reconstitution  
  97  7:35  Drone x3  
  97  7:36  Corruptor, Overlord x2  
  100  7:42  Overlord x4  
  102  7:50  Overlord  
  102  7:57  Overlord  
  104  8:01  Overlord  
  104  8:03  Roach x5, Zergling x12  
  118  8:07  Baneling Nest  
  118  8:10  Drone x2  
  118  8:11  Zerg Melee Weapons Level 2  
  119  8:22  Zergling x8  
  119  8:23  Ravager x5  
  119  8:25  Roach x3  
  134  8:28  Roach x6  
  134  8:34  Overlord x2  
  145  8:39  Roach x3  
  151  8:43  Overlord  
  151  8:45  Overlord  
  151  8:47  Overlord  
  151  8:51  Baneling x8  
  151  8:54  Roach x3, Zergling x4  
  158  8:59  Ravager x2  
  158  9:00  Roach x4  
  136  9:11  Roach x2, Zergling x6  
  136  9:12  Roach x2  
  136  9:16  Zergling x2  
  136  9:17  Roach x3, Zergling x4  
  134  9:24  Zergling x2  
  134  9:25  Roach  
  134  9:27  Roach, Zergling x2  
  135  9:34  Roach x2  
  135  9:37  Ravager  
  135  9:38  Ravager x5  
  143  9:41  Extractor  
  143  9:42  Extractor, Baneling x8  
  143  9:43  Roach x2  
  145  9:51  Roach x4  
  149  9:59  Zergling x2  
  150  10:00  Roach, Zergling x2  
  146  10:10  Roach, Zergling x4  
  146  10:11  Queen x2  
  145  10:17  Ravager  
  145  10:19  Zergling x2  
  138  10:26  Drone x2  
  138  10:33  Hatchery  
  138  10:34  Drone, Queen  
  140  10:40  Corruptor x3  
  140  10:42  Centrifical Hooks  
  146  10:46  Queen  
  146  10:48  Zerg Missile Weapons Level 1  
  148  10:55  Corruptor  
  148  10:56  Corruptor  
  152  10:57  Zergling x2  
  152  10:58  Zergling x4  
  155  11:07  Corruptor x2  
  155  11:09  Zergling x2  
  160  11:15  Overlord  
  160  11:17  Baneling  
  160  11:18  Zergling x2, Baneling x5  
  160  11:19  Zergling x2  
  162  11:25  Overlord  
  162  11:28  Drone x6  
  168  11:35  Overlord  
  168  11:39  Baneling x10  
  168  11:40  Drone x2  
  169  11:48  Zergling x12  
  175  11:55  Baneling x3, Hatchery  
  175  11:57  Zergling x10  
  177  12:06  Roach x5  
  177  12:08  Drone x2  
  189  12:11  Zergling x2  
  182  12:22  Zergling x2  
  182  12:23  Roach x3, Zergling x4  
  182  12:26  Zergling x2  
  182  12:29  Zergling x4  
  179  12:33  Zergling x2  
  179  12:36  Baneling x3  
  175  12:41  Roach, Zergling x4  
  175  12:42  Roach x2, Zergling x2  
  183  12:51  Baneling x14  
  183  12:52  Roach x2, Zergling x4  
  183  12:54  Zergling x2  
  183  12:55  Roach, Zergling x2  
  185  13:01  Drone x5  
  185  13:03  Extractor  
  187  13:08  Zergling x6  
  188  13:13  Queen  
  188  13:15  Zergling x8  
  192  13:20  Baneling x5  
  170  13:52  Mutalisk  
  170  13:53  Mutalisk x12  
  193  14:00  Mutalisk  
  193  14:01  Drone  
  193  14:02  Drone x5  
  199  14:06  Zerg Flyer Weapons Level 1  
  190  14:23  Baneling x16  
  190  14:30  Drone  
  190  14:31  Drone, Extractor  
  192  14:32  Extractor  
  192  14:38  Roach x5  
  192  14:42  Hatchery  
  182  15:01  Corruptor x7  
  182  15:03  Drone x4  
  194  15:11  Spore Crawler  
  193  15:16  Drone  
  193  15:17  Drone x2  
  193  15:19  Drone x2  
  193  15:21  Drone x5  
  197  15:22  Drone  
  196  15:29  Infestation Pit  
  196  15:31  Zerg Ground Armor Level 1  
  195  15:37  Spire  
  195  15:38  Drone x2  
  195  15:42  Corruptor  
  180  16:12  Roach x7, Zergling x14  
  182  16:21  Roach x6  
  182  16:22  Roach x4  
  184  16:28  Roach x3, Zergling x6  
  187  16:33  Baneling x10  
  185  16:40  Zergling x12  
  185  16:44  Queen  
  181  16:52  Corruptor x4  
  184  17:01  Corruptor x2  
  187  17:21  Drone  
  188  17:27  Hatchery  
  187  17:40  Baneling x10  
  187  17:42  Corruptor  
  189  17:45  Ravager x7  
  189  17:50  Hatchery  
  195  17:55  Zerg Flyer Weapons Level 2  
  195  17:58  Zergling x2  
  181  18:07  Roach x3  
  160  18:17  Roach x7  
  146  18:32  Zergling x2  
  146  18:33  Zergling x12  
  147  18:46  Corruptor x2  
  151  18:53  Drone x4  
  155  19:09  Corruptor  
  145  19:10  Corruptor  
  140  19:21  Corruptor x2  
  140  19:31  Corruptor x2  
  141  19:42  Zergling x2  
  141  19:43  Zergling x12  
  148  19:47  Ravager x2  
  148  19:48  Ravager x3  
  148  19:49  Ravager  
  148  19:50  Ravager  
  148  19:52  Drone  
  156  20:03  Zergling x4  
  156  20:04  Hatchery  
  157  20:11  Zergling x10  
  157  20:12  Zergling x4  
  157  20:30  Zergling x26  
  153  20:46  Drone x8  
  154  20:51  Zergling x4  
  127  21:04  Zergling x6  
  125  21:14  Baneling x4  
  115  21:22  Zergling x2  
  111  21:34  Baneling x2  

Tags
 
Add a new tag
Caveats
  • Supply blocks, unpowered buildings, or Contaminate may cause inaccurate times.
  • Supply counts are checked every 10 seconds.